 Dungeon Crawl Stone Soup version 0.19-a0-78-g674c7a4 (webtiles) character file.

13918 Duffy the Carver (level 12, -3/89 HPs)
             Began as a Formicid Fighter on May 13, 2016.
             Was the Champion of Cheibriados.
             Slain by a minotaur
             ... wielding a +7 iron rod (5/11)
              (7 damage)
             ... in a labyrinth.
             The game lasted 00:22:51 (12833 turns).

Duffy the Carver (Formicid Fighter)                Turns: 12833, Time: 00:22:52

Health: -3/89      AC: 16    Str: 43    XL:     12   Next: 38%
Magic:  18/18      EV: 10    Int: 23    God:    Cheibriados [******]
Gold:   278        SH: 15    Dex: 25    Spells: 0 memorised, 11 levels left

rFire  + . .     SeeInvis +     o - +0 great sword
rCold  . . .     Gourm    .     i - +0 plate armour
rNeg   . . .     Faith    .     c - +0 shield
rPois  .         Spirit   .     (helmet unavailable)
rElec  .         Dismiss  .     (no cloak)
rCorr  .         Reflect  .     k - +0 pair of gloves
SustAt .         Harm     .     Q - +0 pair of boots
MR     +....                    (no amulet)
Stlth  ..........               w - +2 ring of strength
                                S - ring of protection from fire

@: very slightly contaminated, invisible, very slow, somewhat resistant to
hostile enchantments, extremely unstealthy
A: permanent stasis, dig shafts and tunnels, four strong arms, antennae 3,
hooves 1
a: Dig, Shaft Self, Bend Time, Temporal Distortion, Slouch, Step From Time,
Renounce Religion


You were in a labyrinth.
You worshipped Cheibriados.
Cheibriados was exalted by your worship.
You were not hungry.

You visited 2 branches of the dungeon, and saw 13 of its levels.
You also visited: Labyrinth and Ossuary.

You collected 746 gold pieces.
You spent 468 gold pieces at shops.


Innate Abilities, Weirdness & Mutations

You are under a permanent stasis effect.
You can dig through walls and to a lower floor.
Your four strong arms can wield two-handed weapons with a shield.
You have a pair of large antennae on your head (SInv).
You have large cloven feet.


   Skills:
 + Level 6.9 Fighting
 + Level 13.0 Long Blades
 - Level 8.0 Armour
 - Level 2.0 Dodging
 - Level 10.0 Shields
 - Level 9.0 Invocations


You had 11 spell levels left.
You didn't know any spells.

Inventory:

Hand Weapons
 h - a +0 quarterstaff of protection
 o - a +0 great sword (weapon)
 x - a +0 scimitar
Missiles
 s - 11 tomahawks (quivered)
 t - 36 poisoned needles
 H - 3 silver tomahawks
Armour
 c - a +0 shield (worn)
 i - a +0 plate armour (worn)
 k - a +0 pair of gloves (worn)
 p - a +1 chain mail of positive energy
 Q - a +0 pair of boots (worn)
Jewellery
 q - an uncursed ring of flight
 w - a +2 ring of strength (right hand)
 S - a ring of protection from fire (left hand)
Wands
 a - a wand of lightning (6/15)
 z - a wand of flame (38/48)
 A - a wand of polymorph (14/24)
 I - a wand of iceblast (10/15)
 M - a wand of lightning (3/15)
 N - a wand of iceblast (10/15)
Scrolls
 b - a scroll of vulnerability {unknown}
 r - 2 scrolls of fear {unknown}
 u - 5 scrolls of remove curse
 v - 2 scrolls of immolation
 y - 4 scrolls of magic mapping
 C - a scroll of recharging {unknown}
 E - a scroll of brand weapon {unknown}
 J - a scroll of fog {unknown}
 K - 2 scrolls of amnesia {unknown}
 L - 2 scrolls of enchant armour
 P - a scroll of identify
 R - a scroll of blinking {unknown}
Potions
 d - 2 potions of might
 e - 2 potions of lignification
 j - 2 potions of cancellation
 n - 5 potions of curing
 B - a potion of agility
 F - a potion of invisibility
 G - a potion of heal wounds
 O - 2 potions of flight
 U - a potion of ambrosia
Comestibles
 f - 7 bread rations
 g - 6 meat rations
 m - 2 slices of pizza
 D - 2 fruits

Dungeon Overview and Level Annotations

Branches:
Dungeon (12/15)            Temple (1/1) D:5            Lair (0/8) D:9
    Orc (0/2) D:9

Altars:
Ashenzari
Cheibriados
Dithmenos
Elyvilon
Fedhas
Gozag
Kikubaaqudgha
Makhleb
Nemelex Xobeh
Okawaru
Pakellas
Qazlal
Ru
Sif Muna
Trog
Vehumet
Xom
Yredelemnul
Zin
The Shining One

Shops:
D:4 :   D:6 *   D:7 ?   D:9 (   D:11 [

Annotations:
D:3 Grinder


Message History

You retract your mandibles.
Use which ability? (? or * to list)
You extend your mandibles.
You dig through the rock wall.
You dig through the rock wall.
You retract your mandibles.
The floor suddenly vibrates beneath you!
Use which ability? (? or * to list)
You extend your mandibles.
You can't dig through that.
Use which ability? (? or * to list)
You extend your mandibles.
You dig through the rock wall.
You retract your mandibles.
The floor suddenly vibrates beneath you!
You sense a monster nearby.
The floor suddenly vibrates beneath you!
Drink which item? (? for menu, Esc to quit)
Okay, then.
A minotaur comes into view. It is wielding an iron rod.
The minotaur bellows!
The minotaur zaps a rod.
You block the burst of metal fragments. x2
The burst of metal fragments misses you.
The burst of metal fragments hits you!
The burst of metal fragments misses you.
The burst of metal fragments hits you! You block the burst of metal fragments.
The burst of metal fragments hits you! x2
Drink which item? (? for menu, Esc to quit)
You fade into invisibility!
You are very lightly contaminated with residual magic.
You block the minotaur's attack. The minotaur gores you.
You block the minotaur's attack. The minotaur closely misses you.
The minotaur hits you with an iron rod!!
The minotaur barely misses you.
You slash the minotaur!
The minotaur is lightly wounded.
The minotaur hits you but does no damage.
The minotaur completely misses you.
The minotaur hits you with an iron rod!!
You block the minotaur's attack.
You slice the minotaur!!
The minotaur is heavily wounded.
The minotaur hits you with an iron rod! You block the minotaur's attack. x2
The minotaur gores you but does no damage.
You slice the minotaur!!
The minotaur is severely wounded.
You block the minotaur's attack. The minotaur gores you!
The minotaur hits you with an iron rod!!
The minotaur gores you!
You die...

#. # # # # .#
#. # # #.
....# . .#. .
...... #. #.
##### ####. #
#... ... ..##
# #.########
..
#.#..H@..#.###
#.#.####.#.#
#.# #.#. #.
#####.#.. ..
.....#.# #####
###.


You could see a minotaur.

Action                   |  1- 3 |  4- 6 |  7- 9 | 10-12 || total
-------------------------+-------+-------+-------+-------++-------
Melee: Long sword        |   100 |   117 |       |       ||   217
       Falchion          |       |   179 |   273 |       ||   452
       Scimitar          |       |       |   185 |   122 ||   307
       Great sword       |       |       |       |   554 ||   554
       Kick              |       |       |       |    76 ||    76
Invok: Slouch            |       |       |       |     1 ||     1
 Abil: Dig               |       |     3 |     6 |    18 ||    27
  Use: Scroll            |       |       |    11 |     9 ||    20
       Potion            |       |       |     1 |     4 ||     5
  Eat: Chunk             |       |     6 |     7 |    11 ||    24
       Bread ration      |       |     1 |     1 |       ||     2
       Pizza             |       |       |     1 |       ||     1
       Fruit             |       |       |       |     2 ||     2
Armor: Scale mail        |    58 |   118 |    93 |       ||   269
       Plate armour      |       |       |    21 |   255 ||   276
       Chain mail        |       |       |     2 |       ||     2
Dodge: Dodged            |    34 |    66 |    99 |   176 ||   375
Block: Shield            |    69 |   140 |   243 |   525 ||   977

Notes
Turn   | Place    | Note
--------------------------------------------------------------
     0 | D:1      | Duffy the Formicid Fighter began the quest for the Orb.
     0 | D:1      | Reached XP level 1. HP: 18/18 MP: 1/1
   178 | D:1      | Reached XP level 2. HP: 24/24 MP: 2/2
   179 | D:1      | Reached skill level 4 in Shields
   510 | D:2      | Reached XP level 3. HP: 24/29 MP: 3/3
   624 | D:2      | Reached skill level 3 in Long Blades
   882 | D:2      | Reached XP level 4. HP: 29/35 MP: 4/4
  1389 | D:3      | Reached skill level 5 in Shields
  1407 | D:3      | Reached XP level 5. HP: 31/41 MP: 5/5
  1558 | D:3      | Noticed Ijyb
  1569 | D:3      | Killed Ijyb
  1569 | D:3      | Reached skill level 4 in Long Blades
  2045 | D:3      | Noticed Grinder
  2350 | D:4      | Reached XP level 6. HP: 39/47 MP: 6/6
  2456 | D:4      | Found a sand-covered staircase.
  2469 | D:4      | Reached skill level 6 in Shields
  2472 | Ossuary  | Entered an ossuary
  2622 | Ossuary  | Reached skill level 5 in Long Blades
  2635 | Ossuary  | Reached XP level 7. HP: 36/52 MP: 7/7
  2786 | Ossuary  | Reached skill level 7 in Shields
  3354 | D:4      | Reached skill level 6 in Long Blades
  3365 | D:4      | Found Nihocri's Book Emporium.
  3521 | D:4      | Reached XP level 8. HP: 58/58 MP: 8/8
  3723 | D:4      | Found a shimmering altar of Xom.
  3723 | D:4      | Found a sparkling altar of Nemelex Xobeh.
  3857 | D:4      | Reached skill level 8 in Shields
  4071 | D:5      | Entered Level 5 of the Dungeon
  4126 | D:5      | Found a staircase to the Ecumenical Temple.
  4135 | Temple   | Entered the Ecumenical Temple
  4362 | Temple   | Became a worshipper of Cheibriados the Contemplative
  4904 | D:5      | Reached * piety under Cheibriados
  4957 | D:5      | Found a basalt altar of Yredelemnul.
  4957 | D:5      | Found a deep blue altar of Sif Muna.
  5044 | D:5      | Reached skill level 7 in Long Blades
  5320 | D:6      | Found Ireigu Bypyd's Assorted Antiques.
  5330 | D:6      | Bought a scroll labeled IMALYQ JALOEF for 19 gold pieces
  5330 | D:6      | Bought a scroll labeled NECOAT YHIHIOPP for 19 gold pieces
  5330 | D:6      | Bought a scroll of identify for 38 gold pieces
  5330 | D:6      | Bought a runed shortbow for 57 gold pieces
  5330 | D:6      | Bought a glowing purple potion for 17 gold pieces
  5330 | D:6      | Bought a grey potion for 17 gold pieces
  5330 | D:6      | Bought a glowing purple potion for 17 gold pieces
  5367 | D:6      | Reached skill level 9 in Shields
  5515 | D:6      | Found a bloodstained altar of Trog.
  5523 | D:6      | Reached XP level 9. HP: 55/64 MP: 9/9
  5588 | D:6      | Reached skill level 8 in Long Blades
  5844 | D:6      | Reached skill level 10 in Shields
  5931 | D:6      | Reached ** piety under Cheibriados
  6234 | D:6      | Found a blossoming altar of Fedhas.
  6432 | D:6      | Reached skill level 4 in Fighting
  6432 | D:6      | Reached skill level 4 in Armour
  6585 | D:7      | Reached skill level 9 in Long Blades
  6588 | D:7      | Noticed Menkaure
  6594 | D:7      | Killed Menkaure
  6594 | D:7      | Reached skill level 5 in Armour
  6778 | D:7      | Found a radiant altar of Vehumet.
  6817 | D:7      | Found a shadowy altar of Dithmenos.
  6818 | D:7      | Found a radiant altar of Vehumet.
  6902 | D:7      | Reached XP level 10. HP: 67/73 MP: 10/10
  6948 | D:7      | Noticed Joseph
  6977 | D:7      | Killed Joseph
  6977 | D:7      | Reached skill level 5 in Fighting
  6977 | D:7      | Reached skill level 6 in Armour
  7177 | D:7      | Found Daul's Magic Scroll Emporium.
  7184 | D:7      | Bought a scroll of magic mapping for 52 gold pieces
  7184 | D:7      | Bought a scroll of identify for 30 gold pieces
  7184 | D:7      | Bought a scroll of identify for 30 gold pieces
  7184 | D:7      | Bought a scroll of identify for 30 gold pieces
  7827 | D:8      | Reached *** piety under Cheibriados
  7841 | D:8      | Found an ancient bone altar of Kikubaaqudgha.
  7887 | D:8      | Reached skill level 10 in Long Blades
  7904 | D:8      | Reached skill level 7 in Armour
  8306 | D:8      | Reached **** piety under Cheibriados
  8656 | D:7      | Bought a scroll of identify for 30 gold pieces
  8657 | D:7      | Gained mutation: You have large cloven feet. [potion of beneficial mutation]
  8800 | D:9      | Reached skill level 6 in Fighting
  8832 | D:9      | Reached skill level 8 in Armour
  8979 | D:9      | Found a staircase to the Lair.
  9008 | D:9      | Noticed Duffy's ghost (novice DsFi)
  9014 | D:9      | Killed Duffy's ghost
  9014 | D:9      | Reached skill level 2 in Invocations
  9014 | D:9      | Reached XP level 11. HP: 47/81 MP: 5/13
  9188 | D:9      | Reached skill level 3 in Invocations
  9489 | D:9      | Reached skill level 11 in Long Blades
  9489 | D:9      | Reached skill level 4 in Invocations
  9539 | D:9      | Reached ***** piety under Cheibriados
  9571 | D:9      | Found Joghun's Weapon Emporium.
  9571 | D:9      | Found a staircase to the Orcish Mines.
  9628 | D:9      | Noticed an elephant
  9635 | D:9      | Killed an elephant
  9635 | D:9      | Reached skill level 5 in Invocations
  9961 | D:9      | Identified the Almanac of Orientation and Black Magic (You found it on level 9 of the Dungeon)
 10239 | D:7      | Bought a scroll of enchant armour for 112 gold pieces
 10466 | D:10     | Entered Level 10 of the Dungeon
 10471 | D:10     | Reached skill level 6 in Invocations
 10592 | D:10     | Noticed Gruesome's ghost (novice DDFi)
 10604 | D:10     | Killed Gruesome's ghost
 10706 | D:10     | Reached skill level 7 in Invocations
 10955 | D:10     | Reached skill level 12 in Long Blades
 11246 | D:10     | Reached skill level 8 in Invocations
 11345 | D:9      | Reached XP level 12. HP: 27/88 MP: 18/18
 11701 | D:9      | Got a crystal longbow
 11702 | D:9      | Identified the +7 longbow "Goblinbane" {speed, rC+} (You found it on level 9 of the Dungeon)
 11903 | D:11     | Reached skill level 9 in Invocations
 12018 | D:11     | Reached skill level 1 in Dodging
 12032 | D:11     | Reached skill level 2 in Dodging
 12130 | D:11     | Reached ****** piety under Cheibriados
 12185 | D:11     | Found Plog's Antique Armour Emporium.
 12479 | D:11     | Noticed a six-headed hydra
 12548 | D:12     | Reached skill level 13 in Long Blades
 12560 | D:12     | Found a labyrinth entrance.
 12564 | Lab      | Entered a labyrinth
 12828 | Lab      | Noticed a minotaur
 12833 | Lab      | Slain by a minotaur

Skill      XL: |  1  2  3  4  5  6  7  8  9 10 11 12 |
---------------+-------------------------------------+-----
Shields        | 4 5 6 7 9 10 | 10.0
Long Blades    | 3 4 5 6 7 9 10 12 13 | 13.0
Fighting       | 4 6 |  6.9
Armour         | 5 8 |  8.0
Invocations    | 2 8 9 |  9.0
Dodging        | 2 |  2.0

Vault maps used:
D:1:      scummos_arrival_gate, minmay_tree_intersection, st_stairs_1
D:2:      first_bread
D:3:      kennysheep_generic_room_3, uniq_grinder, uniq_iyjb
D:4:      gammafunk_temple_overflow_statue, serial_shops, nicolae_shop_crystal,
          enter_ossuary_4
D:5:      gammafunk_temple_overflow_elements, minmay_temple_entry_purple_smoke
D:6:      trog_ov_bears_minmay, serial_shops, shop, minmay_misc_feat_hallway,
          fedhas_altar_decomposition
D:7:      grunt_temple_overflow_open, serial_shops, shop, basic_altar,
          uniq_joseph, uniq_menkaure
D:8:      kennysheep_vampire_church
D:9:      wad_woods_minihive, david_lair_generic, orc_david_3
D:11:     serial_shops, shop, david_nohive_1, nrook_guardian_serpent_double
D:12:     lab_entry_generic, uniq_nessos
Temple:   chambers_temple_12
Lab:      labyrinth_spiral
Ossuary:  ossuary_tomb_2

Vanquished Creatures
  The ghost of Gruesome the Severer, a novice DDFi of Pakellas
  The ghost of Duffy the Cleaver, a novice DsFi of Cheibriados
  A hill giant
  An elephant Joseph
  A guardian serpent
  A queen bee
  2 trolls
  A two-headed ogre
  2 wraiths
  10 yaks
  2 hippogriffs
  A hungry ghost Menkaure
  A water moccasin
  3 black bears
  5 orc warriors
  An ice beast
  A sky beast
  A wasp
  7 ogres
  4 phantoms
  3 centaurs
  5 necrophages
  2 crocodiles
  13 giant frogs
  2 gnoll sergeants
  6 water moccasin zombies
  2 scorpions
  A wyvern skeleton
  21 killer bees
  10 wights
  5 howler monkeys
  2 vampire bats
  2 centaur zombies
  3 crimson imps
  A quasit
  3 jellies
  2 hounds
  4 orc priests
  4 centaur skeletons
  17 orc wizards
  A giant frog skeleton Ijyb
  3 iguanas
  8 worker ants
  3 big kobold zombies
  A hound zombie
  2 mummies
  A hound skeleton
  A worker ant zombie
  A howler monkey skeleton
  16 adders
  13 gnolls
  An ooze
  An adder skeleton
  10 adder zombies
  5 worms
  2 dart slugs
  4 giant geckos
  48 orcs
  2 ball pythons
  9 bats
  3 bat skeletons
  2 bat zombies
  8 giant cockroaches
  2 gnoll zombies
  8 goblins
  11 hobgoblins
  3 jackals
  6 quokkas
  A giant gecko skeleton
  5 giant newts
  2 hobgoblin zombies
  A jackal zombie
  6 kobolds
  6 kobold zombies
  5 orc zombies
  A quokka skeleton
  6 rats
  2 rat zombies
  A bush
  7 plants
376 creatures vanquished.
